 Dungeon Crawl Stone Soup version 0.21-a0-513-gdcb3f5e (console) character file.

74530 hexaflexagon the Green Death (level 15, -1/95 HPs)
             Began as a Demonspawn Skald on Dec 1, 2017.
             Was a High Priest of Fedhas.
             Slain by a starcursed mass (4 damage)
             ... while paralysed by an orc sorcerer
             ... on level 2 of the Abyss on Dec 2, 2017.
             The game lasted 01:19:34 (28444 turns).

hexaflexagon the Green Death (Demonspawn Skald)    Turns: 28444, Time: 01:19:35

Health: -1/95      AC: 10    Str: 15      XL:     15   Next: 7%
Magic:  33/33      EV:  2    Int: 14 (17) God:    Fedhas [*****.]
Gold:   2370       SH:  0    Dex: 12 (13) Spells: 19/28 levels left

rFire    + . .     SeeInvis +   a - +9 trident of Zorosh {distort, rPois}
rCold    + . .     Gourm    +   o - +0 shield "Puotoa" {rF+ MP+9 Dex+2}
rNeg     . . .     Faith    .   Z - +2 robe of Vines {NoPotionHeal Regen+7}
rPois    +         Spirit   .   (no helmet)
rElec    .         Reflect  .   D - +1 cloak
rCorr    .         Harm     .   E - +0 pair of gloves (curse)
MR       +....                  A - +0 pair of boots
Stlth    ++........             g - amulet of the gourmand
HPRegen  3.05/turn              i - ring of see invisible
MPRegen  0.23/turn              s - +2 ring of strength

@: paralysed, weakened
A: hooves 2, yellow scales 1, camouflage 1, blink, clumsy 1, cold resistance 1,
low mp 1, spiny 2, weak 1, freezing cloud immunity, subdued magic 1
a: Blink, Fungal Bloom, Evolution, Sunlight, Growth, Reproduction, Rain,
Renounce Religion


You were on level 2 of the Abyss.
You worshipped Fedhas.
Fedhas was extremely pleased with you.
You were full.

You visited 3 branches of the dungeon, and saw 21 of its levels.
You visited the Abyss 2 times.
You also visited: Ice Cave.

You collected 2403 gold pieces.
You spent 33 gold pieces at shops.

Inventory:

Hand Weapons
 a - the +9 trident of Zorosh (weapon) {distort, rPois}
   (You found it on level 4 of the Lair of Beasts)

   It warps and distorts space around it.
   Unwielding it can cause banishment or high damage.
   It protects you from poison.
Missiles
 n - 11 javelins (quivered)
Armour
 o - the +0 shield "Puotoa" (worn) {rF+ MP+9 Dex+2}
   (You took it off a wight on level 9 of the Dungeon)

   It affects your dexterity (+2).
   It protects you from fire.
   It affects your magic capacity (+9).
 A - a +0 pair of boots (worn)
 D - a +1 cloak (worn)
 E - a cursed +0 pair of gloves (worn)
 Z - the +2 robe of Vines (worn) {NoPotionHeal Regen+7}
   (You found it on level 3 of the Lair of Beasts)

   It increases your rate of regeneration.
Jewellery
 g - an amulet of the gourmand (around neck)
 i - a ring of see invisible (left hand)
 p - an uncursed ring of poison resistance
 s - a +2 ring of strength (right hand)
 W - an uncursed ring of wizardry
Wands
 q - a wand of iceblast (6)
 r - a wand of random effects (23)
 G - a wand of clouds (6)
 K - a wand of polymorph (29)
 O - a wand of acid (7)
 Q - a wand of paralysis (16)
 S - a wand of disintegration (24)
 U - a wand of enslavement (28)
 Y - a wand of flame (71)
Scrolls
 c - 2 scrolls of fear {unknown}
 f - 8 scrolls of teleportation
 h - 2 scrolls of enchant weapon {unknown}
 u - a scroll of identify
 y - 7 scrolls of magic mapping
 B - 11 scrolls of remove curse
 F - 7 scrolls of amnesia
 J - a scroll of immolation
 L - 4 scrolls of enchant armour
 M - a scroll of silence {unknown}
 P - a scroll of blinking
 T - 2 scrolls of fog
Potions
 e - a potion of berserk rage
 j - 2 potions of might
 k - 2 potions of agility
 l - a potion of mutation
 t - 4 potions of brilliance
 w - a potion of ambrosia
 x - 6 potions of flight
 z - 4 potions of cancellation
 C - 5 potions of haste
 H - 2 potions of magic
 I - a potion of invisibility
 N - 2 potions of lignification
 V - 4 potions of curing
Miscellaneous
 X - a box of beasts
Comestibles
 b - 21 fruits
 d - 17 bread rations
 m - 8 meat rations
 v - 10 royal jellies


   Skills:
 - Level 2.0 Fighting
 + Level 13.0 Polearms
 - Level 0.9 Armour
 - Level 6.0 Dodging
 + Level 13.1 Shields
 - Level 7.0 Spellcasting
 - Level 3.0 Hexes
 - Level 6.0 Charms
 - Level 3.0 Necromancy
 - Level 3.0 Translocations
 * Level 16.1 Invocations


You had 19 spell levels left.
You knew the following spells:

 Your Spells              Type           Power        Failure   Level  Hunger
g - Shroud of Golubria    Chrm/Tloc      ##........   3%          2    #......
i - Infusion              Chrm           ###.         1%          1    None
r - Regeneration          Chrm/Necr      ##........   7%          3    ##.....
w - Spectral Weapon       Hex/Chrm       ##......     7%          3    ##.....


Dungeon Overview and Level Annotations

Branches:
Dungeon (14/15)            Temple (1/1) D:6            Lair (6/6) D:8
  Swamp (0/4) Lair:4        Snake (0/4) Lair:4        Slime (0/5) Lair:6
    Orc (0/2) D:12         Vaults (0/5) D:13

Altars:
Ashenzari
Cheibriados
Dithmenos
Elyvilon
Fedhas
Gozag
Hepliaklqana
Kikubaaqudgha
Makhleb
Nemelex Xobeh
Okawaru
Qazlal
Ru
Sif Muna
Trog
Uskayaw
Vehumet
Wu Jian
Xom
Yredelemnul
Zin
The Shining One
Jiyva

Shops:
D:5 (   D:7 [   D:9 (}   D:11 %   D:13 =

Annotations:
D:5 exclusion: 2 doors
D:14 Louise


Innate Abilities, Weirdness & Mutations

You have hoof-like feet.
You are partially covered in yellow scales. (AC +2)
Your flesh is cold resistant. (rC+)
You are mostly covered in sharp spines.
You are immune to freezing clouds.
Your skin changes colour to match your surroundings (Stealth+).
You can translocate small distances at will.
You are clumsy. (Dex -2)
Your magical capacity is low. (-10% MP)
You are weak. (Str -2)
Your spells are a little easier to cast, but a little less powerful.


Message History

The orange demon hits you but does no damage.
The red devil hits you from afar with a trident.
The orc sorcerer hits you with a dagger.
The orange demon is struck by your spines.
The orange demon stings you. The orange demon hits you.
You feel your attacks grow feeble.
The ice devil hits you but does no damage.
The red devil hits you but does no damage.
The orc sorcerer hits you but does no damage.
The orange demon stings you. The orange demon hits you.
You feel as though you will be weak longer.
A starcursed mass splits.
The ice devil is struck by your spines. The ice devil hits you!
The ice devil freezes you. You resist.
* * * LOW HITPOINT WARNING * * *
The red devil hits you from afar with a trident!!
* * * LOW HITPOINT WARNING * * *
The starcursed mass engulfs you.
You die...
Fedhas appreciates your contribution to the ecosystem.

.. .....
.##........ ....
....#......## #.
... ........
....##.. .
.................
.. ..... .. ...
....#
....#..###.#....##
. #..
#######.#.#...# .
. ##XX..# # # ##.
#.@#..
#.....44o..#
###..#4_#.#..#
###.##.##..# ..# .
###.. .## .# . _#
.. .# .#


You could see 2 starcursed masses, an orange demon, an ice devil, an orc
sorcerer and a red devil.

Vanquished Creatures
  A tengu reaver (D:13)
  A wandering mushroom (D:13)
  6 hydras
  An ogre mage (D:13)
  2 centaur warriors (D:13)
  Erica (D:11)
  A catoblepas (D:13)
  A two-headed ogre (D:12)
  A tengu warrior (D:13)
  A dancing weapon (D:14)
  A skeletal warrior (D:13)
  A cherub (D:14)
  A wizard (D:13)
  2 wolf spiders (Lair:6)
  A cyclops (D:9)
  A worldbinder (Abyss:3)
  8 ugly things
  9 black mambas
  6 elephants
  A guardian serpent (Lair:6)
  An apocalypse crab (Abyss:2)
  13 spiny frogs
  2 smoke demons (Abyss:2)
  A large abomination (Abyss:2)
  A torpor snail (D:8)
  A rime drake (Lair:6)
  2 yaktaurs (D:13)
  A rime drake (shapeshifter) (D:14)
  5 komodo dragons
  3 ice devils
  4 starcursed masses (Abyss:2)
  A tengu conjurer (D:13)
  3 trolls
  An ancient zyme (Abyss:2)
  A polar bear (Lair:5)
  3 hornets
  10 blink frogs
  The ghost of hexaflexagon the Poker, an amateur DsSk (D:4)
  7 hippogriffs
  10 dream sheep (Lair:2)
  A centaur simulacrum (D:14)
  A redback (Lair:6)
  An air elemental (Abyss:2)
  A spriggan (D:7)
  4 wraiths
  45 yaks
  A water elemental (D:14)
  8 wyverns
  A hungry ghost (D:8)
  A basilisk (D:13)
  7 vampire mosquitoes
  An acid dragon (D:13)
  Duvessa (D:7)
  12 porcupines
  22 water moccasins
  2 ice beasts
  3 orc warriors
  A sky beast (D:11)
  16 killer bees
  2 black bears
  A small abomination (Abyss:2)
  3 eyes of draining (D:13)
  4 phantoms
  8 ogres
  2 wolves (Lair:3)
  A boggart (D:13)
  15 centaurs
  12 crocodiles
  9 bullfrogs
  3 big kobolds (D:13)
  Dowan (D:7)
  8 scorpions
  6 wights
  4 howler monkeys
  2 crimson imps
  A centaur zombie (D:5)
  A quasit (D:11)
  7 orc priests
  5 jellies
  4 centaur skeletons
  7 orc wizards
  Crazy Yiuf (D:5)
  5 bullfrog skeletons
  6 hounds
  Jessica (D:2)
  3 iguanas
  14 worker ants
  2 hound skeletons (D:4)
  A howler monkey zombie (D:5)
  A gnoll (D:7)
  11 adders
  4 shadow imps
  2 oozes (D:2)
  2 adder zombies
  5 worms
  3 dart slugs
  5 leopard geckos
  39 orcs
  13 bats
  8 giant cockroaches
  2 gnoll zombies (D:4)
  11 goblins
  7 hobgoblins
  4 jackals
  11 kobolds
  6 quokkas
  3 ball pythons
  9 frilled lizards
  A jackal skeleton (D:4)
  A leopard gecko skeleton (D:6)
  13 rats
  A fungus (D:5)
  A lurking horror (Abyss:2)
  A plant (D:1)
  2 toadstools
552 creatures vanquished.

Vanquished Creatures (collateral kills)
  A hydra (Lair:5)
  2 two-headed ogres
  2 tengu warriors (D:9)
  A skeletal warrior (D:13)
  An ugly thing (D:9)
  An elephant (Lair:5)
  A gargoyle (D:9)
  A spiny frog (Lair:1)
  A centaur skeleton (D:13)
  A komodo dragon (Lair:2)
  A yaktaur (D:13)
  A troll (D:10)
  2 dream sheep (Lair:2)
  A hippogriff (D:9)
  A shadow (D:9)
  12 yaks
  2 porcupines (Lair:2)
  3 water moccasins
  An orc warrior (D:9)
  3 wolves (Lair:3)
  2 centaurs (D:9)
  A big kobold (D:13)
  A scorpion (D:10)
  5 killer bees
  5 wights (D:9)
  An orc wizard (D:9)
  2 adders
  An orc (D:13)
  A bat (D:10)
58 creatures vanquished.

Vanquished Creatures (others)
  2 hydras
  A death knight (D:13)
  A centaur warrior (D:14)
  A two-headed ogre (D:11)
  A fire crab (Lair:6)
  2 skeletal warriors (D:13)
  A cherub (D:14)
  A shadow dragon skeleton (Abyss:3)
  3 ugly things
  A black mamba (Lair:6)
  2 elephants
  A centaur skeleton (D:13)
  A yaktaur (D:13)
  A komodo dragon (Lair:3)
  A freezing wraith (Abyss:2)
  A tengu conjurer (D:13)
  18 wandering mushrooms
  A queen bee (Lair:3)
  A polar bear (Lair:5)
  A hippogriff (D:14)
  4 yaks
  A basilisk (D:8)
  2 vampire mosquitoes
  2 wyverns (Lair:6)
  A swamp worm (Lair:4)
  A porcupine (Lair:4)
  2 water moccasins (Lair:6)
  A sky beast (D:13)
  A black bear (Lair:3)
  A necrophage (D:9)
  An ogre (D:13)
  A centaur (D:13)
  2 killer bees (D:7)
  A worker ant (D:8)
  2 worker ant zombies
  An orc (D:11)
  30 fungi
  25 plants
  39 spectral weapons
  483 toadstools
643 creatures vanquished.

Grand Total: 1253 creatures vanquished

Notes
Turn   | Place    | Note
-------+----------+-------------------------------------------
     0 | D:1      | hexaflexagon the Demonspawn Skald began the quest for the Orb.
     0 | D:1      | Reached XP level 1. HP: 16/16 MP: 3/3
   482 | D:1      | Gained mutation: Your flesh is cold resistant. (rC+) [demonic ancestry]
   482 | D:1      | Reached XP level 2. HP: 16/22 MP: 5/5
   562 | D:1      | Learned a level 2 spell: Shroud of Golubria
  1616 | D:1      | Gained mutation: You are partially covered in yellow scales. (AC +2) [demonic ancestry]
  1616 | D:1      | Reached XP level 3. HP: 25/27 MP: 6/6
  2141 | D:2      | Learned a level 3 spell: Spectral Weapon
  2427 | D:2      | Noticed Jessica
  2436 | D:2      | Gained mutation: You have large cloven feet. [demonic ancestry]
  2436 | D:2      | Reached XP level 4. HP: 32/33 MP: 2/8
  2442 | D:2      | Killed Jessica
  2574 | D:2      | Reached skill level 1 in Shields
  2574 | D:2      | Reached skill level 1 in Hexes
  2927 | D:3      | Reached XP level 5. HP: 38/38 MP: 9/9
  3581 | D:4      | Reached XP level 6. HP: 24/44 MP: 5/11
  4027 | D:4      | Found a basalt altar of Yredelemnul.
  4203 | D:4      | Noticed hexaflexagon's ghost (amateur DsSk)
  4537 | D:4      | Reached XP level 7. HP: 45/50 MP: 7/12
  4694 | D:4      | Learned a level 3 spell: Regeneration
  4774 | D:4      | Killed hexaflexagon's ghost
  4922 | D:4      | Reached skill level 5 in Polearms
  5276 | D:5      | Entered Level 5 of the Dungeon
  5382 | D:5      | Found Jaerat's Weapon Shoppe.
  5579 | D:5      | Reached skill level 1 in Necromancy
  5636 | D:5      | Reached skill level 1 in Translocations
  5636 | D:5      | Reached XP level 8. HP: 56/56 MP: 7/14
  6413 | D:5      | Found a runed door.
  6420 | D:5      | Noticed Crazy Yiuf
  6463 | D:5      | Killed Crazy Yiuf
  7020 | D:6      | Found a staircase to the Ecumenical Temple.
  7028 | Temple   | Entered the Ecumenical Temple
  7162 | Temple   | Became a worshipper of Fedhas Madash
  7553 | D:7      | Reached skill level 1 in Invocations
  7594 | D:7      | Reached skill level 2 in Invocations
  7602 | D:7      | HP: 2/56 [killer bee (9)]
  8183 | D:7      | Found a snail-covered altar of Cheibriados.
  8190 | D:7      | Noticed Duvessa
  8225 | D:7      | Killed Duvessa
  8225 | D:7      | Reached skill level 3 in Invocations
  8426 | D:7      | Found Byesufon's Armour Shoppe.
  8532 | D:7      | Reached skill level 4 in Invocations
  8562 | D:7      | Gained mutation: You are partially covered in sharp spines. [demonic ancestry]
  8562 | D:7      | Reached XP level 9. HP: 43/61 MP: 12/16
  8564 | D:7      | Reached * piety under Fedhas
  8626 | D:8      | Noticed an elephant
  8636 | D:8      | Reached skill level 5 in Invocations
  8650 | D:8      | Noticed a two-headed ogre
  8715 | D:8      | Noticed a death drake
  8715 | D:8      | a two-headed ogre changed into a death drake
  8716 | D:8      | Noticed a torpor snail
  8716 | D:8      | a death drake changed into a torpor snail
  8748 | D:8      | Killed a torpor snail
  8748 | D:8      | Reached skill level 5 in Spellcasting
  8748 | D:8      | Reached skill level 6 in Invocations
  9004 | D:8      | Found a staircase to the Lair.
  9029 | D:8      | Noticed a two-headed ogre
  9069 | D:7      | Killed an elephant
  9069 | D:7      | Reached skill level 7 in Invocations
  9509 | D:8      | Found a snail-covered altar of Cheibriados.
  9651 | D:7      | Noticed Dowan
  9660 | D:7      | Killed Dowan
  9660 | D:7      | Reached skill level 8 in Invocations
 10266 | D:9      | Reached skill level 9 in Invocations
 10266 | D:9      | Reached XP level 10. HP: 37/67 MP: 13/19
 10726 | D:9      | Reached skill level 10 in Invocations
 10873 | D:9      | Found Uforruj's Weapon Shoppe.
 10942 | D:9      | Found Voapuwn's Gadget Emporium.
 11032 | D:9      | Noticed a tengu warrior
 11032 | D:9      | Noticed a tengu warrior
 11042 | D:9      | Noticed a green ugly thing
 11054 | D:9      | Killed a tengu warrior
 11067 | D:9      | Killed a green ugly thing
 11077 | D:9      | Gained mutation: Your skin changes colour to match your surroundings (Stealth+). [potion of mutation]
 11077 | D:9      | Gained mutation: Your spells are a little easier to cast, but a little less powerful. [potion of mutation]
 11077 | D:9      | Gained mutation: You can translocate small distances at will. [potion of mutation]
 11078 | D:9      | Killed a tengu warrior
 11078 | D:9      | Reached skill level 11 in Invocations
 11089 | D:9      | Noticed a gargoyle
 11371 | D:9      | Got a faintly humming ring mail
 11678 | D:9      | Killed a gargoyle
 11693 | D:9      | Got a brightly glowing shield
 11697 | D:9      | Got an ebony eveningstar
 11742 | D:9      | Identified the cursed +1 ring mail "Odwot" {rF+ rC+ rCorr} (You found it on level 9 of the Dungeon)
 11742 | D:9      | Identified the cursed +1 eveningstar "Ogreslayer" {venom, rF+ Str+3 Dex+5} (You found it on level 9 of the Dungeon)
 11753 | D:9      | Identified the +0 shield "Puotoa" {rF+ MP+9 Dex+2} (You took it off a wight on level 9 of the Dungeon)
 11810 | D:9      | Found a glowing golden altar of the Shining One.
 12055 | D:9      | Noticed a cyclops
 12072 | D:9      | Killed a cyclops
 12389 | D:8      | Killed a two-headed ogre
 12389 | D:8      | Reached skill level 5 in Shields
 12389 | D:8      | Gained mutation: You have hoof-like feet. [demonic ancestry]
 12389 | D:8      | Reached XP level 11. HP: 45/72 MP: 21/21
 12521 | D:10     | Entered Level 10 of the Dungeon
 12784 | D:10     | Noticed a two-headed ogre
 12799 | D:10     | Killed a two-headed ogre
 13054 | D:10     | Found the +7 Singing Sword
 13503 | D:11     | Found a frozen archway.
 13602 | IceCv    | Entered an ice cave
 14152 | D:11     | Noticed a four-headed hydra
 14168 | D:11     | Killed a four-headed hydra
 14171 | D:11     | Noticed a two-headed ogre
 14248 | D:11     | Got a bloodstained leather armour
 14271 | D:11     | Identified the +2 leather armour "Giexapn" {Str-3 Dex+5} (You found it on level 11 of the Dungeon)
 14300 | D:11     | Reached ** piety under Fedhas
 14314 | D:11     | Noticed a purple ugly thing
 14325 | D:11     | Killed a purple ugly thing
 14329 | D:11     | Noticed a brown ugly thing
 14384 | D:11     | Killed a brown ugly thing
 14511 | D:11     | Found Ryett's Food Shoppe.
 14519 | D:11     | Bought 2 fruits for 33 gold pieces
 15260 | Lair:1   | Entered Level 1 of the Lair of Beasts
 15346 | Lair:1   | Noticed a four-headed hydra
 15425 | Lair:1   | Killed a four-headed hydra
 15666 | Lair:1   | Found a stormy altar of Qazlal.
 16325 | Lair:2   | Reached skill level 10 in Polearms
 16734 | Lair:2   | Gained mutation: You are mostly covered in sharp spines. [demonic ancestry]
 16734 | Lair:2   | Reached XP level 12. HP: 42/78 MP: 16/22
 17558 | Lair:3   | Reached skill level 10 in Shields
 18215 | Lair:3   | Found the +2 robe of Vines {NoPotionHeal Regen+7}
 19020 | Lair:4   | Found a staircase to the Snake Pit.
 19049 | Lair:4   | Reached *** piety under Fedhas
 19451 | Lair:4   | Got an encrusted trident
 19452 | Lair:4   | Identified the +9 trident of Zorosh {distort, rPois} (You found it on level 4 of the Lair of Beasts)
 19496 | Lair:4   | Reached skill level 5 in Charms
 19572 | Lair:4   | Found a staircase to the Swamp.
 20267 | Lair:5   | Noticed a five-headed hydra
 20274 | Lair:5   | Killed a five-headed hydra
 20274 | Lair:5   | Reached XP level 13. HP: 75/83 MP: 19/23
 20504 | Lair:5   | Reached **** piety under Fedhas
 20859 | Lair:6   | Entered Level 6 of the Lair of Beasts
 21009 | Lair:6   | Found a viscous altar of Jiyva.
 21009 | Lair:6   | Found a staircase to the Slime Pits.
 21048 | Lair:6   | Reached skill level 12 in Invocations
 21687 | Lair:6   | Reached skill level 5 in Dodging
 21932 | Lair:6   | Found a viscous altar of Jiyva.
 21932 | Lair:6   | Found a staircase to the Slime Pits.
 22136 | Lair:6   | Reached ***** piety under Fedhas
 22382 | Lair:6   | Reached skill level 13 in Invocations
 23503 | D:11     | Noticed Erica
 23767 | D:11     | Killed Erica
 23767 | D:11     | Gained mutation: You are immune to freezing clouds. [demonic ancestry]
 23767 | D:11     | Reached XP level 14. HP: 90/90 MP: 24/24
 24439 | D:12     | Found a staircase to the Orcish Mines.
 24733 | D:13     | Found Zaza's Jewellery Boutique.
 24876 | D:13     | Noticed a tengu reaver
 25049 | D:13     | Killed a tengu reaver
 25385 | D:13     | Reached skill level 14 in Invocations
 25599 | D:13     | Found a gate to the Vaults.
 26154 | D:13     | Reached skill level 15 in Invocations
 26264 | D:14     | Cast into level 2 of the Abyss (a wizard)
 26301 | Abyss:3  | Noticed a lich
 26339 | Abyss:3  | Noticed a bone dragon
 26363 | D:14     | Escaped the Abyss
 26821 | D:14     | Identified a scroll of acquirement
 27187 | D:14     | Reached XP level 15. HP: 61/95 MP: 26/26
 27381 | D:14     | Noticed Louise
 27898 | D:14     | Cast into level 2 of the Abyss (Louise)
 27971 | Abyss:2  | Reached skill level 16 in Invocations
 28280 | Abyss:2  | Gained mutation: Your magical capacity is low. (-10% MP) [a neqoxec]
 28283 | Abyss:2  | Gained mutation: You are weak. (Str -2) [a neqoxec]
 28302 | Abyss:2  | Gained mutation: You are clumsy. (Dex -2) [a neqoxec]
 28309 | Abyss:2  | Found a corrupted altar of Lugonu.
 28429 | Abyss:2  | Found a shadowy altar of Dithmenos.
 28432 | Abyss:2  | Found a corrupted altar of Lugonu.
 28437 | Abyss:2  | Paralysed by an orc sorcerer for 7 turns
 28444 | Abyss:2  | HP: 3/95 [red devil/trident (20)]
 28444 | Abyss:2  | Slain by a starcursed mass

Vault maps used:
D:1:      onia_arrival_larder, hangedman_glass_teeth, lexackson_kobold_supper
D:2:      serial_forest, infiniplex_forest_clump_medium,
          infiniplex_forest_zigzag_2, infiniplex_forest_clump_tiny,
          infiniplex_forest_corner_1, infiniplex_forest_clump_curved,
          infiniplex_forest_lined_3, uniq_jessica
D:3:      first_bread
D:4:      lemuel_zombie_altar_yredelemnul, serial_column_ruins,
          column_ruins_square_small, column_ruins_square_small,
          column_ruins_grid_1, column_ruins_grid_1,
          column_ruins_corridor_straight, column_ruins_open_medium,
          column_ruins_open_small, column_ruins_grid_4
D:5:      cheibrodos_two_vegetables, serial_shops, shop, uniq_crazy_yiuf_cottage
D:6:      minmay_temple_entry_grid
D:7:      serial_shops, nicolae_shop_trees, the_bakery, cheibriados_altar_1,
          uniq_duvessa
D:8:      david_lair_generic, basic_altar, minmay_misc_feat_secret_circle
D:9:      minmay_the_grid_triangle_9x9_recursive_2_mashed, serial_shops,
          kennysheep_mini_moat, nicolae_shop_trees, tso_altar
D:10:     old_forge, hex_medium
D:11:     portal_ice_cave_demonic_guard, serial_shops, nicolae_shop_trees,
          uniq_erica
D:12:     kennysheep_doodads
D:13:     hourglass_vault, hangedman_vaults_entry_quadrant_bands, serial_shops,
          nicolae_shop_statue_plus
D:14:     minmay_distorted_concentric_squares, infiniplex_staircase_zigzag_4,
          minivault_4, pf_eden, uniq_louise
Temple:   nicolae_temple_the_god_donut
Lair:1:   basic_altar, grunt_megastairs_2
Lair:2:   st_stairs_4
Lair:3:   special_room
Lair:4:   minmay_swamp_entry_worms, minmay_snake_entry_six_corridors
Lair:5:   beast_lair_carwin_1, grunt_megastairs_5
Lair:6:   hangedman_lair_tendril_chambers, slime_altar_1,
          infiniplex_staircase_pool, grunt_megastairs_3
Abyss:3:  minivault_4, nicolae_abyss_rune_star_stuff, evilmike_abyss_exit_9
IceCv:    ice_cave_tombish

Skill      XL: |  1  2  3  4  5  6  7  8  9 10 11 12 13 14 15 |
---------------+----------------------------------------------+-----
Polearms       | 2 3 4 5 6 7 8 10 11 12 13 | 13.0
Charms         | 3 5 6 |  6.0
Shields        | 1 2 4 5 9 11 12 13 | 13.1
Hexes          | 1 2 3 |  3.0
Spellcasting   | 3 4 6 7 |  7.0
Necromancy     | 1 3 |  3.0
Translocations | 1 3 |  3.0
Invocations    | 4 9 11 13 15 16 | 16.1
Dodging        | 2 5 6 |  6.0
Fighting       | |  2.0
Armour         | |  0.9

Action                   |  1- 3 |  4- 6 |  7- 9 | 10-12 | 13-15 || total
-------------------------+-------+-------+-------+-------+-------++-------
Melee: Spear             |   241 |   235 |    96 |   108 |       ||   680
       Dagger            |    12 |       |       |       |       ||    12
       Kick              |       |    62 |    94 |    15 |       ||   171
       Trident           |       |       |   285 |   643 |   983 ||  1911
       Eveningstar       |       |       |       |     4 |       ||     4
Throw: Javelin           |       |       |     5 |       |       ||     5
 Cast: Infusion          |     2 |       |       |       |       ||     2
       Shroud of Golubri |     1 |     2 |    25 |    56 |    31 ||   115
       Spectral Weapon   |     4 |    14 |    48 |    49 |    46 ||   161
       Regeneration      |       |       |     3 |    22 |    21 ||    46
Invok: Fungal Bloom      |       |       |    20 |    68 |    71 ||   159
       Evolution         |       |       |     2 |    15 |     9 ||    26
       Sunlight          |       |       |       |     1 |       ||     1
 Abil: Blink             |       |       |       |     1 |     2 ||     3
Evoke: Wand              |       |       |    15 |     2 |     4 ||    21
  Use: Scroll            |       |       |     7 |    15 |     6 ||    28
       Potion            |       |       |     4 |     7 |       ||    11
 Stab: Sleeping          |     5 |       |       |     4 |     5 ||    14
       Distracted        |       |       |     4 |     4 |     8 ||    16
       Petrified         |       |       |     2 |       |       ||     2
       Paralysed         |       |       |       |     9 |       ||     9
       Confused          |       |       |       |    12 |     2 ||    14
  Eat: Chunk             |     6 |     7 |    16 |    16 |    28 ||    73
       Royal jelly       |       |     1 |     4 |     4 |     3 ||    12
       Meat ration       |       |       |       |     3 |       ||     3
Armor: Leather armour    |    43 |    46 |    67 |    14 |       ||   170
       Ring mail         |       |       |       |   109 |       ||   109
       Robe              |       |       |       |    13 |   115 ||   128
Dodge: Dodged            |    77 |    72 |   157 |   255 |   257 ||   818
Block: Buckler           |     1 |    28 |    71 |    89 |       ||   189
       Shield            |       |       |       |   100 |   399 ||   499

Table legend:
 A = Spawn XP
 B = Non-spawn XP
 C = Spawn XP percentage of total XP
 D = Spawn monster count
 E = Non-spawn monster count
 F = Spawn count percentage of total count
 G = Total turns spent on level
                    A         B        C        D         E        F      G
               +---------+---------+-------+---------+---------+-------+---------
         Total |    1057 |  105415 |   1.0 |       3 |     646 |   0.5 | 28444
               +---------+---------+-------+---------+---------+-------+---------
           D:1 |       0 |      59 |   0.0 |       0 |      36 |   0.0 |  2113
           D:2 |       0 |     133 |   0.0 |       0 |      24 |   0.0 |   831
           D:3 |       0 |      94 |   0.0 |       0 |      27 |   0.0 |   767
           D:4 |       0 |    1005 |   0.0 |       0 |      24 |   0.0 |  1565
           D:5 |       0 |     376 |   0.0 |       0 |      12 |   0.0 |  1250
           D:6 |       0 |     366 |   0.0 |       0 |      10 |   0.0 |  1167
           D:7 |       0 |    1587 |   0.0 |       0 |      21 |   0.0 |  1508
           D:8 |       0 |    2436 |   0.0 |       0 |      19 |   0.0 |  1965
           D:9 |       0 |    5049 |   0.0 |       0 |      42 |   0.0 |  1828
          D:10 |       0 |    1301 |   0.0 |       0 |      19 |   0.0 |  1015
          D:11 |       0 |    6211 |   0.0 |       0 |      36 |   0.0 |  1618
          D:12 |       0 |    3008 |   0.0 |       0 |      26 |   0.0 |   598
          D:13 |       0 |   23906 |   0.0 |       0 |      91 |   0.0 |  1816
          D:14 |       0 |    9803 |   0.0 |       0 |      35 |   0.0 |  1329
        Lair:1 |       0 |    3620 |   0.0 |       0 |      20 |   0.0 |  1133
        Lair:2 |       0 |    4956 |   0.0 |       0 |      27 |   0.0 |  1267
        Lair:3 |       0 |    6261 |   0.0 |       0 |      50 |   0.0 |  1620
        Lair:4 |       0 |    5665 |   0.0 |       0 |      33 |   0.0 |   938
        Lair:5 |       0 |    7993 |   0.0 |       0 |      25 |   0.0 |  1341
        Lair:6 |       0 |   18243 |   0.0 |       0 |      56 |   0.0 |  1740
       Abyss:2 |    1057 |    2158 |  32.9 |       3 |      10 |  23.1 |   563
       Abyss:3 |       0 |     834 |   0.0 |       0 |       2 |   0.0 |    82
         IceCv |       0 |     351 |   0.0 |       0 |       1 |   0.0 |   232
               +---------+---------+-------+---------+---------+-------+---------
